 Dungeon Crawl Stone Soup version 0.30-a0-1008-g30c9307041 (webtiles) character file.

Game seed: 7385499668775761811

34170 Sigmada the Reanimator (level 13, -5/86 HPs)
             Began as a Demonspawn Necromancer on Apr 5, 2023.
             Was an Elder of Vehumet.
             Killed by divine providence
             ... invoked by a meliai
              (16 damage)
             ... on level 13 of the Dungeon on Apr 6, 2023.
             The game lasted 01:55:38 (19342 turns).

Sigmada the Reanimator (Demonspawn Necromancer)    Turns: 19342, Time: 01:55:39

Health: -5/86      AC: 12    Str: 11    XL:     13   Next: 40%
Magic:  27/31      EV: 15    Int: 21    God:    Vehumet [****..]
Gold:   290        SH:  5    Dex: 27    Spells: 13/40 levels left

rFire   . . .      SeeInvis .    s - +2 short sword (distort)
rCold   . . .      Faith    .    n - orb {light}
rNeg    . . .      Spirit   .    r - +2 robe {Archmagi}
rPois   .          Reflect  +    (no helmet)
rElec   .          Rampage  .    L - scarf of Dust Devil {repulsion, Dex+6}
rCorr   +          Archmagi +    C - +1 pair of gloves {Str+3}
Will    .....                    (no boots)
Stlth   ++                       p - amulet of reflection
HPRegen 0.34/turn                u - +6 ring of dexterity
MPRegen 0.22/turn                y - ring of resist corrosion

@: sanguine armoured, glowing, repel missiles
A: claws 2, spiny 2, sanguine armour 1, demonic magic 3
a: Renounce Religion


You were on level 13 of the Dungeon.
You worshipped Vehumet.
Vehumet was greatly pleased with you.
You visited 4 branches of the dungeon, and saw 17 of its levels.

You collected 1154 gold pieces.
You spent 864 gold pieces at shops.

Inventory:

Hand Weapons
 s - a +2 short sword of distortion (weapon)
 E - a +3 dagger of speed
 I - a +5 dagger
 J - a +4 halberd
 T - a +2 dire flail of draining
Missiles
 F - 3 atropa-tipped darts
 W - 2 curare-tipped darts
 X - 18 poisoned darts
Armour
 a - a +2 robe of cold resistance
 n - an orb of light (worn)
 r - a +2 robe of the Archmagi (worn)
 C - a +1 pair of gloves of strength (worn)
 L - the scarf of Dust Devil (worn) {repulsion, Dex+6}
   (You found it on level 9 of the Dungeon)

   Dex:       It affects your dexterity (+6).
Jewellery
 p - an amulet of reflection (around neck)
 u - a +6 ring of dexterity (left hand)
 y - a ring of resist corrosion (right hand)
 S - a ring of see invisible
Wands
 v - a wand of flame (16) (quivered)
 w - a wand of mindburst (5)
 M - a wand of paralysis (22)
 O - a wand of iceblast (10)
 Q - a wand of digging (8)
Scrolls
 e - 6 scrolls of vulnerability
 g - 2 scrolls of blinking
 h - 2 scrolls of identify
 j - 5 scrolls of immolation
 k - a scroll of poison {unknown}
 l - 5 scrolls of fog
 m - 8 scrolls of teleportation
 o - a scroll of fear {unknown}
 t - 4 scrolls of amnesia
 A - a scroll of enchant weapon {unknown}
 B - 2 scrolls of butterflies
 H - 3 scrolls of enchant armour
Potions
 b - 2 potions of magic
 c - 5 potions of curing
 d - 2 potions of brilliance
 f - a potion of berserk rage {unknown}
 i - a potion of invisibility {unknown}
 q - 3 potions of haste
 x - 3 potions of degeneration {unknown}
 z - 5 potions of might
 D - a potion of flight {unknown}
 G - a potion of heal wounds {unknown}
 N - 2 potions of mutation
 P - a potion of resistance {unknown}
 U - 2 potions of ambrosia {unknown}
 Y - 3 potions of lignification {unknown}
Miscellaneous
 K - a piece from Xom's chessboard (15/15)
 R - a box of beasts


   Skills:
 + Level 3.1 Fighting
 + Level 3.4 Short Blades
 + Level 4.2 Dodging
 + Level 5.2 Stealth
 - Level 1.8 Shields
 + Level 14.0 Spellcasting
 + Level 5.2 Conjurations
 + Level 14.6 Necromancy
 + Level 1.3 Translocations
 + Level 1.4 Fire Magic
 + Level 5.4 Earth Magic


You had 13 spell levels left.
You knew the following spells:

 Your Spells              Type           Power      Damage    Failure   Level
a - Necrotise             Necr           100%       1d9       0%          1
b - Vampiric Draining     Necr           85%        2d12      1%          3
c - Animate Dead          Necr           85%        N/A       1%          4
d - Blink                 Tloc           60%        N/A       3%          2
e - Stone Arrow           Conj/Erth      100%       3d13      1%          3
f - Manifold Assault      Tloc           30%        N/A       24%         4
g - Iskenderun's Battles  Conj           53%        2d10      4%          5
h - Fireball              Conj/Fire      21%        3d10      9%          5

Your spell library contained the following spells:

 Spells                   Type           Power      Damage    Failure   Level
 Yara's Violent Unravell  Hex/Tmut       11%        3d6       28%         5
 Passwall                 Tmut/Erth      32%        N/A       1%          2
 Poisonous Vapours        Pois/Air       44%        N/A       1%          2
 Agony                    Necr           85%        N/A       1%          5
 Borgnjor's Vile Clutch   Necr/Erth      35%        N/A       1%          5
 Sting                    Tmut/Pois      88%        1d7       4%          1
 Ensorcelled Hibernation  Hex/Ice        44%        N/A       6%          2
 Vhi's Electric Charge    Tloc/Air       52%        N/A       10%         3
 Olgreb's Toxic Radiance  Pois           22%        N/A       11%         4
 Arcjolt                  Conj/Air       19%        1d29      11%         5
 Irradiate                Conj/Tmut      19%        3d18      11%         5
 Swiftness                Air            22%        N/A       13%         3
 Animate Armour           Summ/Erth      78%        N/A       14%         4
 Conjure Ball Lightning   Conj/Air       19%        3x3d6     47%         6
 Summon Forest            Summ/Tloc      13%        N/A       65%         5
 Orb of Destruction       Conj           26%        9d9       67%         7
 Plasma Beam              Fire/Air       13%        2x1d26    71%         6
 Alistair's Intoxication  Tmut/Pois      14%        N/A       75%         5
 Blade Hands              Tmut           11%        N/A       75%         5
 Eringya's Noxious Bog    Tmut/Pois      11%        N/A       82%         6
 Lehudib's Crystal Spear  Conj/Erth      27%        10d7      99%         8
 Dragon Form              Tmut           11%        N/A       100%        7
 Storm Form               Tmut/Air       11%        N/A       100%        7
 Summon Hydra             Summ           11%        N/A       100%        7


Dungeon Overview and Level Annotations

Branches:
Dungeon (13/15)            Temple (1/1) D:5            Lair (2/5) D:10
    Orc (1/2) D:11
  Swamp: Lair:2-3    Shoals: Lair:2-3     Snake: Lair:2-3    Spider: Lair:2-3
 Vaults: D:13-14

Altars:
Ashenzari
Cheibriados
Dithmenos
Fedhas
Gozag
Hepliaklqana
Kikubaaqudgha
Makhleb
Nemelex Xobeh
Okawaru
Qazlal
Ru
Sif Muna
Trog
Uskayaw
Vehumet
Wu Jian
Xom
Yredelemnul
Jiyva

Shops:
D:3 [   D:6 :   D:8 [   D:11 :(


Innate Abilities, Weirdness & Mutations

You have very sharp fingernails.
You are mostly covered in sharp spines.
When seriously injured, your blood forms armour. (AC +6)
Spells you cast and wands you use may paralyse nearby enemies.


Message History

The stone arrow hits the deep elf pyromancer!
The deep elf pyromancer is heavily wounded.
Malevolent energies surge around you.
The deep elf pyromancer gestures wildly while chanting.
The deep elf pyromancer blinks!
You hit the fire elemental.
The fire elemental is devoured by a tear in reality.
Your reaping aura is weakening.
The deep elf pyromancer casts a spell.
The deep elf pyromancer blinks!
The deep elf pyromancer points at you and mumbles some strange words.
The sticky flame is repelled.
The deep elf pyromancer points at you and mumbles some strange words.
The bolt of fire misses you. The bolt of fire hits you!!
* * * LOW HITPOINT WARNING * * *
Your cyclops zombie hits the deep elf pyromancer!!
Casting: Stone Arrow (safe; 1% risk of failure)
Confirm with . or Enter, or press ? or * to list all spells.
Aiming: Stone Arrow (safe; 1% risk of failure)
Press: ? - help, Shift-Dir - straight line, f/p - deep elf pyromancer
Aim: a deep elf pyromancer, wielding a +0 short sword (almost dead, ally target, haloed, 78% to hit)
You feel a surge of power!
The stone arrow hits the deep elf pyromancer.
You kill the deep elf pyromancer!
Vehumet accepts your kill.
You feel your power returning. Malevolent energies surge around you.
The dead are walking!
Your reaping aura expires.
Found a blackened steel amulet.
You start resting.
A meliai is nearby!
Something hits your deep elf pyromancer zombie!
Something stings your deep elf pyromancer zombie!
Something barely misses your deep elf pyromancer zombie.
Something stings your deep elf pyromancer zombie!
Something hits your deep elf pyromancer zombie!
Something stings your deep elf pyromancer zombie.
The meliai invokes the aid of its god against you.
Something smites you!
You die...

###### #..(.#
##.##.############
#...#.............
######...#############.
.........########### #.
#####..............###.
#.@y.....).......##
#.Z#...#####.....##
#..#.#.###.........
#.Z................
#............#.....
######...).......###....
#...............## ##...
#.##...........##. .##..
#...........##.....##.


You could see a meliai (ally target), a friendly deep elf pyromancer zombie and
a friendly cyclops zombie.

Vanquished Creatures
  A minotaur (Lair:1)
  A hydra (D:11)
  A vault guard (D:13)
  A catoblepas (D:12)
  3 centaur warriors (D:13)
  The ghost of ytrimaz the Brawler, a novice TrTm of Hepliaklqana (D:10)
  4 boulder beetles
  2 two-headed ogres
  A tengu warrior (D:13)
  An orc high priest (D:13)
  An orc knight (D:11)
  3 deep elf pyromancers
  3 cyclopes
  An ugly thing (D:12)
  3 orc sorcerers (D:13)
  A slime creature (D:10)
  A cane toad (Lair:1)
  A gargoyle (D:13)
  4 kobold demonologists
  3 efreet (D:13)
  2 komodo dragons (D:13)
  A tengu conjurer (D:13)
  2 trolls
  2 yaktaurs (D:13)
  4 blink frogs (Lair:1)
  2 wraiths
  A shadow (D:13)
  A human (D:13)
  17 yaks
  A steam dragon (D:9)
  A vampire mosquito (D:13)
  A warg (Orc:1)
  An acid dragon (D:11)
  2 water moccasins
  A black bear (D:6)
  4 orc warriors
  3 sky beasts (D:7)
  2 ogres
  2 wolves (D:10)
  A centaur (D:10)
  2 kobold brigands (D:11)
  A phantom (D:6)
  2 bullfrogs
  A gnoll sergeant (D:12)
  3 wights
  7 killer bees
  3 electric eels
  4 howler monkeys
  8 hounds
  7 orc priests
  5 jellies
  Terence (D:3)
  4 iguanas
  8 orc wizards
  Natasha (thrice) (D:2)
  7 gnolls
  5 adders
  A river rat (D:4)
  2 shadow imps (D:6)
  4 worms
  3 dart slugs
  52 orcs
  5 ball pythons
  7 bats
  6 endoplasms
  3 giant cockroaches
  6 goblins
  9 hobgoblins
  4 quokkas
  4 frilled lizards
  11 kobolds
  8 rats
284 creatures vanquished.

Vanquished Creatures (collateral kills)
  2 two-headed ogres
  2 black mambas (Lair:1)
  2 cane toads (Lair:1)
  A rime drake (Lair:1)
  4 kobold demonologists
  A komodo dragon (Lair:1)
  5 blink frogs (Lair:1)
  A slime creature (D:10)
  A dream sheep (shapeshifter) (D:13)
  6 yaks
  A shadow (D:12)
  3 water moccasins (Lair:1)
  An orc warrior (D:11)
  A wolf (D:10)
  An ogre (D:5)
  2 kobold brigands
  A bullfrog (Lair:1)
  A gnoll sergeant (D:11)
  4 wights
  3 killer bees (D:9)
  A hound (D:10)
  2 sleepcaps
  3 orc wizards
  An iguana (D:6)
  An adder (D:6)
  A gnoll (D:12)
  A dart slug (D:2)
  15 orcs
  2 hobgoblins (D:11)
  5 kobolds
  2 butterflies (Lair:1)
77 creatures vanquished.

Vanquished Creatures (others)
  A two-headed ogre (D:13)
  A hydra zombie (D:11)
  A human zombie (D:13)
  A black mamba zombie (Lair:1)
  2 two-headed ogre zombies (D:11)
  A cane toad zombie (Lair:1)
  An elf zombie (D:13)
  A dream sheep zombie (D:13)
  8 blink frog zombies (Lair:1)
  A rime drake zombie (Lair:1)
  A vampire mosquito zombie (D:13)
  2 yaktaur zombies (D:13)
  A komodo dragon zombie (D:13)
  A water moccasin zombie (D:7)
  A tengu zombie (D:13)
  A troll zombie (D:13)
  9 yak zombies
  A bullfrog zombie (Lair:1)
  2 centaur zombies
  A killer bee zombie (D:9)
  A sky beast zombie (D:7)
  4 hound zombies (D:10)
  A howler monkey zombie (D:9)
  A jelly zombie (D:7)
  2 gnoll zombies (D:11)
  2 kobold zombies (D:12)
  19 orc zombies
  10 fungi (Lair:1)
  9 plants
87 creatures vanquished.

Grand Total: 448 creatures vanquished

Notes
Turn   | Place    | Note
-------+----------+-------------------------------------------
     0 | D:1      | Sigmada the Demonspawn Necromancer began the quest for the
                  | Orb.
     0 | D:1      | Reached XP level 1. HP: 13/13 MP: 3/3
   349 | D:1      | Gained mutation: When seriously injured, your blood forms
                  | armour. (AC +6) [demonic ancestry]
   349 | D:1      | Reached XP level 2. HP: 19/19 MP: 0/5
  1148 | D:2      | Reached XP level 3. HP: 21/24 MP: 3/6
  1243 | D:2      | Reached skill level 5 in Necromancy
  1246 | D:2      | Noticed Natasha
  1256 | D:2      | Killed Natasha
  1313 | D:2      | Noticed Natasha
  1320 | D:2      | Killed Natasha
  1321 | D:2      | Reached XP level 4. HP: 30/30 MP: 3/8
  1687 | D:2      | Noticed Natasha
  1691 | D:2      | Killed Natasha
  2152 | D:2      | Learned a level 3 spell: Vampiric Draining
  2236 | D:3      | Found Doahunne's Antique Armour Shoppe.
  2367 | D:3      | Gained mutation: You are partially covered in sharp spines.
                  | [demonic ancestry]
  2367 | D:3      | Reached XP level 5. HP: 35/35 MP: 6/10
  2527 | D:3      | Found a stormy altar of Qazlal.
  2813 | D:3      | Noticed Terence
  2870 | D:3      | Killed Terence
  3042 | D:3      | Found a hazy altar of Hepliaklqana.
  3518 | D:4      | Gained mutation: Spells you cast may paralyse adjacent
                  | enemies. [demonic ancestry]
  3518 | D:4      | Reached XP level 6. HP: 41/41 MP: 4/11
  3617 | D:4      | Reached skill level 1 in Short Blades
  4882 | D:5      | Entered Level 5 of the Dungeon
  4914 | D:5      | Reached XP level 7. HP: 46/46 MP: 8/13
  4981 | D:5      | Found a staircase to the Ecumenical Temple.
  4987 | D:5      | Learned a level 4 spell: Animate Dead
  5014 | Temple   | Entered the Ecumenical Temple
  5425 | Temple   | Became a worshipper of Vehumet
  5588 | D:5      | Reached skill level 5 in Spellcasting
  6094 | D:6      | Found Saetor's Vocational Training.
  6384 | D:6      | Gained mutation: You have sharp fingernails. [demonic
                  | ancestry]
  6384 | D:6      | Reached XP level 8. HP: 53/53 MP: 16/16
  6429 | D:6      | Reached skill level 1 in Fighting
  6530 | D:6      | Found an opulent altar of Gozag.
  6531 | D:6      | Found an ancient bone altar of Kikubaaqudgha.
  6534 | D:6      | Found a hide-covered altar of Uskayaw.
  7058 | D:6      | Found an iron altar of Okawaru.
  7217 | D:7      | Found a shadowy altar of Dithmenos.
  7328 | D:7      | Reached * piety under Vehumet
  7328 | D:7      | Offered knowledge of Kiss of Death by Vehumet.
  7329 | D:7      | Reached skill level 1 in Shields
  7555 | D:7      | Gained mutation: Spells you cast may paralyse nearby
                  | enemies. [demonic ancestry]
  7555 | D:7      | Reached XP level 9. HP: 52/61 MP: 5/19
  7599 | D:6      | Learned a level 2 spell: Blink
  7824 | D:7      | Found a snail-covered altar of Cheibriados.
  8595 | D:8      | Found a broken altar of Ashenzari.
  8777 | D:8      | Found Raren's Armour Boutique.
  8856 | D:8      | Learned a level 3 spell: Stone Arrow
  8870 | D:8      | Reached skill level 10 in Necromancy
 10133 | D:9      | Reached XP level 10. HP: 67/67 MP: 19/22
 10141 | D:9      | Reached skill level 1 in Translocations
 10689 | D:9      | Identified the scarf of Dust Devil {repulsion, Dex+6}
 11108 | D:10     | Entered Level 10 of the Dungeon
 11155 | D:9      | Reached skill level 1 in Conjurations
 11275 | D:10     | Reached skill level 1 in Earth Magic
 11869 | D:10     | Found a basalt altar of Yredelemnul.
 11895 | D:10     | Noticed a two-headed ogre
 11904 | D:10     | Killed a two-headed ogre
 12071 | D:10     | Found a staircase to the Lair.
 12164 | Lair:1   | Entered Level 1 of the Lair of Beasts
 12169 | Lair:1   | Noticed a cane toad
 12177 | Lair:1   | Reached skill level 10 in Spellcasting
 12179 | Lair:1   | Killed a cane toad
 12196 | Lair:1   | Offered knowledge of Poisonous Vapours by Vehumet.
 12200 | Lair:1   | Noticed a black mamba
 12205 | Lair:1   | Killed a black mamba
 12205 | Lair:1   | Reached ** piety under Vehumet
 12206 | Lair:1   | Gained mutation: Spells you cast and wands you use may
                  | paralyse nearby enemies. [demonic ancestry]
 12206 | Lair:1   | Reached XP level 11. HP: 53/72 MP: 5/25
 12565 | Lair:1   | Found a runed translucent door.
 13080 | Lair:1   | Noticed a minotaur
 13108 | Lair:1   | Killed a minotaur
 13865 | D:10     | Found a runed translucent gate.
 13865 | D:10     | Found a runed translucent gate.
 13866 | D:10     | Found a runed translucent gate.
 13867 | D:10     | Noticed ytrimaz's ghost (novice TrTm)
 14205 | D:10     | Found a viscous altar of Jiyva.
 14265 | D:10     | Killed ytrimaz's ghost
 14684 | D:11     | Noticed a two-headed ogre
 14691 | D:11     | Killed a two-headed ogre
 14695 | D:11     | Noticed a seven-headed hydra
 14706 | D:11     | Killed a seven-headed hydra
 14708 | D:11     | Noticed a two-headed ogre
 14714 | D:11     | Killed a two-headed ogre
 14919 | D:11     | Offered knowledge of Searing Ray by Vehumet.
 14923 | D:11     | Noticed a sun demon
 14928 | D:11     | Noticed a sun demon
 14930 | D:11     | Gained mutation: You have very sharp fingernails. [demonic
                  | ancestry]
 14930 | D:11     | Reached XP level 12. HP: 80/80 MP: 20/28
 14983 | D:11     | Learned a level 4 spell: Manifold Assault
 15054 | D:11     | Reached *** piety under Vehumet
 15191 | D:11     | Offered knowledge of Olgreb's Toxic Radiance by Vehumet.
 15807 | D:11     | Found Ijekuele's Weapon Shoppe.
 15861 | D:11     | Found a staircase to the Orcish Mines.
 15879 | D:11     | Found Masif's Book Boutique.
 15938 | Orc:1    | Entered Level 1 of the Orcish Mines
 15968 | Orc:1    | Reached **** piety under Vehumet
 16281 | D:11     | Bought a book of the Spheres for 864 gold pieces
 16287 | D:11     | Learned a level 5 spell: Iskenderun's Battlesphere
 16320 | D:11     | Learned a level 5 spell: Fireball
 16529 | D:12     | Offered knowledge of Yara's Violent Unravelling by Vehumet.
 16548 | D:12     | Noticed a boulder beetle
 16557 | D:12     | Killed a boulder beetle
 17377 | D:12     | Noticed a two-headed ogre
 17387 | D:12     | Killed a two-headed ogre
 17610 | D:13     | Found a runed translucent door.
 17616 | D:13     | Noticed a tengu warrior
 17627 | D:13     | Noticed a catoblepas
 17631 | D:13     | Killed a tengu warrior
 17861 | D:13     | Noticed a two-headed ogre
 17868 | D:13     | Killed a two-headed ogre
 17879 | D:13     | Noticed a boulder beetle
 17889 | D:13     | Killed a boulder beetle
 17988 | D:13     | Reached skill level 1 in Fire Magic
 18093 | D:13     | Noticed an orc high priest
 18120 | D:13     | Noticed a two-headed ogre
 18132 | D:13     | Killed an orc high priest
 18135 | D:13     | Reached skill level 5 in Stealth
 18135 | D:13     | Reached skill level 5 in Earth Magic
 18135 | D:13     | Gained mutation: You are mostly covered in sharp spines.
                  | [demonic ancestry]
 18135 | D:13     | Reached XP level 13. HP: 38/86 MP: 6/30
 19085 | D:13     | Reached skill level 5 in Conjurations
 19176 | D:13     | HP: 1/86 [cyclops/large rock (38)]
 19342 | D:13     | Killed from afar by a meliai

Illustrated notes

Levels and vault maps discovered:
D:1:      tarquinn_simple_flora_water_a, layout_loops_corners,
          chequers_serial_rivers_room_a
D:2:      layout_loops_ring, serial_bayou_pond_d, minmay_misc_feat_enclosed,
          uniq_natasha
D:3:      layout_basic, lemuel_round_altar, nicolae_hepliaklqana_hippocampus,
          serial_shops, shop, serial_rivers, chequers_serial_rivers_small_3,
          chequers_serial_rivers_large_b, chequers_serial_rivers_micro_b,
          chequers_serial_rivers_micro_c, chequers_serial_rivers_micro_e,
          uniq_terence
D:4:      layout_layer_cave, gup_sewer_entry_bubbles
D:5:      layout_gridville, minmay_temple_entry_glass
D:6:      layout_basic, marbit_many_paths, gammafunk_temple_overflow_forgotten,
          chequers_serial_rivers_room_a, nicolae_shop_vocational
D:7:      layout_basic, grunt_dithmenos_smoke, mainiacjoe_overflow_chevrons,
          nrook_loot_triangle
D:8:      layout_layer_cave, ashenzari_altar_1, serial_glass, glass_columns_b,
          glass_columns_b, glass_columns_a, glass_columns_a, serial_shops, shop
D:9:      layout_layer_cave
D:10:     layout_loops_ring, mainiacjoe_overflow_big_doors, erik_lair_island,
          gammafunk_ghost_ooze
D:11:     cheibrodos_orc_bank, layout_rooms, orc_0_dummy, serial_shops,
          kennysheep_mini_moat, nicolae_shop_bloodbath_and_beyond
D:12:     layout_basic, dpeg_stationary_puzzle
D:13:     minmay_concentric_multi, layout_loops_ring,
          grunt_vaults_entry_fortified, lightli_church_of_beogh
Temple:   minmay_temple_curvy_loop
Lair:1:   dreamdust_labyrinth, layout_loops_ring, infiniplex_staircase_pool,
          lemuel_fruit_fields
Lair:2:   layout_regular_city, nicolae_snake_entry_squirm, columned_hall_lemuel,
          uniq_sonja, uniq_nergalle
Orc:1:    layout_caves, basic_altar

Skill      XL: |  1  2  3  4  5  6  7  8  9 10 11 12 13 |
---------------+----------------------------------------+-----
Stealth        | 2 3 4 5 |  5.2
Necromancy     | 5 6 7 8 9 10 12 13 14 | 14.6
Spellcasting   | 3 4 5 7 8 10 12 13 14 | 14.0
Dodging        | 2 3 4 |  4.2
Short Blades   | 1 2 3 |  3.4
Fighting       | 1 2 3 |  3.1
Shields        | 1 |  1.8
Translocations | 1 |  1.3
Conjurations   | 1 4 5 |  5.2
Earth Magic    | 2 5 |  5.4
Fire Magic     | 1 |  1.4

Action                     |  1- 3 |  4- 6 |  7- 9 | 10-12 | 13-15 || total
---------------------------+-------+-------+-------+-------+-------++-------
  Melee: Unarmed           |     2 |       |       |       |       ||     2
         Dagger            |    10 |       |       |       |       ||    10
         Spear             |       |     5 |       |       |       ||     5
         Short sword       |       |    40 |    83 |    47 |    14 ||   184
         Punch             |       |     1 |       |     1 |       ||     2
   Cast: Necrotise         |    48 |   128 |   103 |    84 |       ||   363
         Animate Dead      |       |       |    20 |    17 |     6 ||    43
         Blink             |       |       |    10 |     1 |       ||    11
         Stone Arrow       |       |       |     4 |   157 |    34 ||   195
         Vampiric Draining |       |       |       |    41 |    18 ||    59
         Fireball          |       |       |       |     6 |     5 ||    11
         Iskenderun's Batt |       |       |       |     1 |       ||     1
    Use: Scroll            |       |       |     4 |    11 |       ||    15
         Potion            |       |       |       |     2 |     4 ||     6
   Stab: Distracted        |     1 |     1 |     1 |     1 |       ||     4
         Sleeping          |       |     1 |     2 |       |       ||     3
         Paralysed         |       |     1 |     6 |     5 |     4 ||    16
 Armour: Robe              |     2 |    11 |    19 |    27 |     7 ||    66
  Dodge: Dodged            |    14 |    21 |    47 |    90 |    25 ||   197
         Repelled          |       |       |       |     4 |     1 ||     5
  Block: Other             |       |    11 |    20 |    11 |       ||    42
         Orb               |       |       |       |    16 |     8 ||    24
         Reflection        |       |       |       |     2 |     6 ||     8

Table legend: (Time is in decaauts)
 A = Elapsed time spent in this place.
 B = Non-inter-level travel time spent in this place.
 C = Inter-level travel time spent in this place.
 D = Time resting spent in this place.
 E = Time spent auto-exploring this place.
 F = Levels seen in this place.
 G = Mean time per level.
                   A        B        C        D        E       F      G
               +--------+--------+--------+--------+--------+-----+--------+
         Total |  19383 |  19170 |    213 |   3339 |  10388 |  17 | 1140.2 |
       Dungeon |  17220 |  17030 |    190 |   3116 |   9231 |  13 | 1324.6 |
        Temple |    470 |    470 |      0 |      0 |    189 |   1 |  470.0 |
          Lair |   1364 |   1341 |     23 |    223 |    709 |   2 |  682.0 |
  Orcish Mines |    327 |    327 |      0 |      0 |    259 |   1 |  327.0 |
               +--------+--------+--------+--------+--------+-----+--------+

Top non-repeatable levels by time:
    D:10: 1964 daAuts
     D:9: 1815 daAuts
    D:12: 1528 daAuts
     D:6: 1455 daAuts
     D:8: 1443 daAuts
     D:3: 1430 daAuts
    D:13: 1425 daAuts
  Lair:1: 1362 daAuts
     D:4: 1276 daAuts
    D:11: 1224 daAuts
     D:2: 1133 daAuts
     D:1: 1106 daAuts
     D:5: 746 daAuts
     D:7: 672 daAuts
  Temple: 470 daAuts
